EL
JACKSONVILLE SUNS @ TENNESSEE SMOKIES
08/30/2049
 
TOP OF THE 1ST
Jacksonville Suns batting - Pitching for Tennessee Smokies : RHP Bogdan Sdobnyakov
Pitching: RHP Bogdan Sdobnyakov
Batting: RHB Akira Suzuki 0-0: Foul Ball, location: 2F
0-1: Swinging Strike
0-2: Strikes out looking
Batting: RHB Reomel Somera 0-0: Called Strike
0-1: Ground out 6-3 (Groundball, 6, EV 88.8 MPH)
Batting: RHB Jack Power 0-0: Ball
1-0: Ball
2-0: Ball
3-0: Base on Balls
Batting: LHB Dong-u Chang 0-0: Ball
1-0: Swinging Strike
1-1: Ball
2-1: Foul Ball, location: 2F
2-2: Ball
3-2: Base on Balls
Jack Power to second
Batting: LHB Orlando Rivera 0-0: Called Strike
0-1: Swinging Strike
0-2: Ball
1-2: Foul Ball, location: 2F
1-2: Strikes out swinging
Top of the 1st over - 0 runs, 0 hits, 0 errors, 2 left on base; Jacksonville 0 - Tennessee 0
BOTTOM OF THE 1ST
Tennessee Smokies batting - Pitching for Jacksonville Suns : RHP Jorge Lara
Pitching: RHP Jorge Lara
Batting: LHB Nate Greening 0-0: Ball
1-0: Ball
2-0: Foul Ball, location: 2F
2-1: Foul Ball, location: 2F
2-2: Foul Ball, location: 2F
2-2: Foul Ball, location: 2F
2-2: Ball
3-2: Strikes out looking
Batting: RHB Du Kim 0-0: Ball
1-0: Called Strike
1-1: Ball
2-1: Foul Ball, location: 2F
2-2: Fly out, F9 (Flyball, 89M, EV 88.1 MPH)
Batting: LHB Daigo Ishii 0-0: Ball
1-0: Called Strike
1-1: Called Strike
1-2: Strikes out swinging
Bottom of the 1st over - 0 runs, 0 hits, 0 errors, 0 left on base; Jacksonville 0 - Tennessee 0
TOP OF THE 2ND
Jacksonville Suns batting - Pitching for Tennessee Smokies : RHP Bogdan Sdobnyakov
Pitching: RHP Anastagio Fasola
Batting: LHB Matt McKeon 0-0: Ball
1-0: Ball
2-0: Called Strike
2-1: Ball
3-1: Base on Balls
Batting: RHB Len Graham 0-0: Swinging Strike
0-1: Called Strike
0-2: Ball
Matt McKeon is caught stealing 2nd base 2-4
1-2: SINGLE (Groundball, 56D, EV 103.1 MPH)
Batting: RHB Larry LeFever 0-0: Ball
1-0: Called Strike
Len Graham steals 2nd base
1-1: SINGLE (Groundball, 56D, EV 105.0 MPH)
Len Graham to third
Runner from 3rd tries for Home, SAFE, throw by LF to home
Batting: LHB Emilio Cordero 0-0: Called Strike
0-1: Hit by Pitch
Larry LeFever to second
Batting: RHB Akira Suzuki 0-0: Ball
1-0: Reached on error, E1 (Groundball, 13, EV 56.9 MPH)
Larry LeFever to third
Emilio Cordero to second
Batting: RHB Reomel Somera 0-0: Called Strike
0-1: Ball
1-1: Ball
2-1: Called Strike
2-2: Strikes out looking
Pitching: RHP Roberto Cruz
Batting: RHB Jack Power 0-0: Ball
1-0: Called Strike
1-1: Called Strike
1-2: Ball
2-2: Foul Ball, location: 2F
2-2: SINGLE (Line Drive, 7S, EV 98.8 MPH)
Larry LeFever scores
Emilio Cordero to third
Akira Suzuki to second
Runner from 3rd tries for Home, SAFE, throw by LF to home
Batting: LHB Dong-u Chang 0-0: Called Strike
0-1: Reached via error on a dropped throw from 1B, E1 (Groundball, 34, EV 83.1 MPH)
Akira Suzuki to third
Jack Power to second
Batting: LHB Orlando Rivera 0-0: Foul Ball, location: 2F
0-1: Ball
1-1: Ball
2-1: SINGLE (Groundball, 56S, EV 73.1 MPH) (infield hit)
Akira Suzuki scores
Jack Power to third
Dong-u Chang to second
Batting: LHB Matt McKeon 0-0: Called Strike
0-1: Ball
1-1: Foul Ball, location: 2F
1-2: Ball
2-2: Strikes out looking
Top of the 2nd over - 4 runs, 4 hits, 2 errors, 3 left on base; Jacksonville 4 - Tennessee 0
BOTTOM OF THE 2ND
Tennessee Smokies batting - Pitching for Jacksonville Suns : RHP Jorge Lara
Batting: RHB Ricky Ramirez 0-0: Called Strike
0-1: Swinging Strike
0-2: Strikes out looking
Batting: RHB Juan Bonilla 0-0: Called Strike
0-1: Ball
1-1: Foul Ball, location: 2F
1-2: Ball
2-2: Ball
3-2: Fly out, F4 (Popup, 4, EV 77.5 MPH)
Batting: RHB Armando Vilano 0-0: Ball
1-0: Called Strike
1-1: Called Strike
1-2: Ball
2-2: Strikes out looking
Bottom of the 2nd over - 0 runs, 0 hits, 0 errors, 0 left on base; Jacksonville 4 - Tennessee 0
TOP OF THE 3RD
Jacksonville Suns batting - Pitching for Tennessee Smokies : RHP Roberto Cruz
Batting: RHB Len Graham 0-0: Ball
1-0: Called Strike
1-1: Ball
2-1: Ball
3-1: Called Strike
3-2: SINGLE (Groundball, 6D, EV 103.8 MPH)
Pitching: LHP Ricardo Saucedo
Batting: RHB Larry LeFever 0-0: Ball
1-0: Foul Ball, location: 2F
1-1: Ball
2-1: Foul Ball, location: 2F
2-2: Ball
3-2: Strikes out looking
Batting: LHB Emilio Cordero 0-0: Called Strike
0-1: SINGLE (Groundball, 34D, EV 98.1 MPH)
Len Graham to second
Throwing error, E9
Len Graham scores
Emilio Cordero to second
Batting: RHB Akira Suzuki 0-0: Ball
1-0: Called Strike
1-1: Ball
2-1: Ball
3-1: Fly out, F8 (Flyball, 8RXD, EV 105.0 MPH)
Runner from 2nd tags up, SAFE at 3rd, no throw by CF
Batting: RHB Reomel Somera 0-0: Ground out U3 (Groundball, 3, EV 107.5 MPH)
Top of the 3rd over - 1 run, 2 hits, 1 error, 1 left on base; Jacksonville 5 - Tennessee 0
BOTTOM OF THE 3RD
Tennessee Smokies batting - Pitching for Jacksonville Suns : RHP Jorge Lara
Batting: RHB Taylor Garofalo 0-0: Ball
1-0: Called Strike
1-1: Foul Ball, location: 2F
1-2: Strikes out looking
Batting: RHB Dylan Burke 0-0: Called Strike
0-1: Foul Ball, location: 2F
0-2: Fly out, F3 (Line Drive, 3, EV 66.2 MPH)
Batting: RHB Alvaro Romero 0-0: Ball
1-0: Ball
2-0: Ball
3-0: Called Strike
3-1: Called Strike
3-2: Strikes out swinging
Bottom of the 3rd over - 0 runs, 0 hits, 0 errors, 0 left on base; Jacksonville 5 - Tennessee 0
TOP OF THE 4TH
Jacksonville Suns batting - Pitching for Tennessee Smokies : LHP Ricardo Saucedo
Batting: RHB Jack Power 0-0: Ball
1-0: Foul Ball, location: 2F
1-1: Swinging Strike
1-2: Ball
2-2: Ball
3-2: SOLO HOME RUN (Flyball, 7D, EV 96.2 MPH), Distance : 370 ft
Pitching: RHP Velimir Sljivancanin
Batting: LHB Dong-u Chang 0-0: Ball
1-0: Ground out 4-3 (Groundball, 4, EV 81.2 MPH)
Batting: LHB Orlando Rivera 0-0: Reached on error, E4 (Groundball, 4, EV 86.9 MPH)
Batting: LHB Matt McKeon 0-0: Called Strike
0-1: Ball
Orlando Rivera steals 2nd base
1-1: Swinging Strike
1-2: Ball
2-2: Ball
3-2: Base on Balls
Batting: RHB Len Graham 0-0: Called Strike
0-1: Ball
1-1: Foul Ball, location: 2F
1-2: Foul Ball, location: 2F
1-2: Fielders Choice at 2nd, 6-4 (Groundball, 6, EV 107.5 MPH)
Orlando Rivera to third
Batting: RHB Larry LeFever 0-0: SINGLE (Line Drive, 7S, EV 105.6 MPH)
Orlando Rivera scores
Len Graham to second
Runner from 2nd tries for 3rd, SAFE, throw by LF made to third
Batting: LHB Emilio Cordero 0-0: DOUBLE (Flyball, 8LXD, EV 97.5 MPH)
Len Graham scores
Larry LeFever to third
Runner from 3rd tries for Home, SAFE, no throw by CF
Batting: RHB Akira Suzuki 0-0: Ball
1-0: Ball
2-0: Ball
3-0: Base on Balls
Pitching: RHP Jose Ramirez
Batting: RHB Reomel Somera 0-0: Ball
1-0: DOUBLE (Line Drive, 5D, EV 99.4 MPH)
Emilio Cordero scores
Akira Suzuki to third
Runner from 3rd tries for Home, throw by LF and OUT! 7-6-2
Top of the 4th over - 5 runs, 4 hits, 1 error, 1 left on base; Jacksonville 10 - Tennessee 0
BOTTOM OF THE 4TH
Tennessee Smokies batting - Pitching for Jacksonville Suns : RHP Jorge Lara
Batting: LHB Nate Greening 0-0: Called Strike
0-1: Ball
1-1: Ball
2-1: Ball
3-1: Swinging Strike
3-2: Strikes out swinging
Batting: RHB Du Kim 0-0: Ground out 6-3 (Groundball, 6, EV 83.8 MPH)
Batting: LHB Daigo Ishii 0-0: Ball
1-0: Called Strike
1-1: Swinging Strike
1-2: Ball
2-2: Foul Ball, location: 2F
2-2: Ball
3-2: Strikes out swinging
Bottom of the 4th over - 0 runs, 0 hits, 0 errors, 0 left on base; Jacksonville 10 - Tennessee 0
TOP OF THE 5TH
Jacksonville Suns batting - Pitching for Tennessee Smokies : RHP Jose Ramirez
Batting: RHB Jack Power 0-0: Ball
1-0: Swinging Strike
1-1: Fly out, F7 (Flyball, 7D, EV 101.9 MPH)
Batting: LHB Dong-u Chang 0-0: Foul Ball, location: 2F
0-1: Ball
1-1: Ball
2-1: Foul Ball, location: 2F
2-2: Ball
3-2: Base on Balls
Batting: LHB Orlando Rivera 0-0: Called Strike
0-1: Ball
1-1: Fly out, F4 (Popup, 4, EV 78.1 MPH)
Batting: LHB Matt McKeon 0-0: Swinging Strike
0-1: SINGLE (Groundball, 34S, EV 69.4 MPH) (infield hit)
Dong-u Chang to second
Batting: RHB Len Graham 0-0: Ball
1-0: Foul Ball, location: 2F
1-1: Ball
2-1: Ball
3-1: Base on Balls
Dong-u Chang to third
Matt McKeon to second
Pitching: LHP Emir Jalil
Batting: RHB Larry LeFever 0-0: Ball
Balk!
Dong-u Chang scores
Matt McKeon to third
Len Graham to second
1-0: Ball
2-0: Ball
3-0: Foul Ball, location: 2F
3-1: Foul Ball, location: 2F
3-2: Ground out 6-3 (Groundball, 6, EV 88.8 MPH)
Top of the 5th over - 1 run, 1 hit, 0 errors, 2 left on base; Jacksonville 11 - Tennessee 0
BOTTOM OF THE 5TH
Tennessee Smokies batting - Pitching for Jacksonville Suns : RHP Jorge Lara
Batting: RHB Ricky Ramirez 0-0: Ball
1-0: Foul Ball, location: 2F
1-1: Ground out 5-3 (Groundball, 5L, EV 91.9 MPH)
Batting: RHB Juan Bonilla 0-0: Ball
1-0: Called Strike
1-1: Ball
2-1: Ball
3-1: Foul Ball, location: 2F
3-2: Foul Ball, location: 2F
3-2: Fly out, F9 (Flyball, 9D, EV 100.0 MPH)
Batting: RHB Armando Vilano 0-0: Ball
1-0: Called Strike
1-1: Ball
2-1: Ball
3-1: Foul Ball, location: 2F
3-2: Base on Balls
Batting: RHB Taylor Garofalo 0-0: Swinging Strike
0-1: Swinging Strike
0-2: Ball
1-2: Strikes out swinging
Bottom of the 5th over - 0 runs, 0 hits, 0 errors, 1 left on base; Jacksonville 11 - Tennessee 0
TOP OF THE 6TH
Jacksonville Suns batting - Pitching for Tennessee Smokies : LHP Emir Jalil
Batting: LHB Emilio Cordero 0-0: Called Strike
0-1: Foul Ball, location: 2F
0-2: Strikes out swinging
Batting: RHB Akira Suzuki 0-0: Called Strike
0-1: Ball
1-1: Ground out 6-3 (Groundball, 6, EV 92.5 MPH)
Batting: RHB Reomel Somera 0-0: Ball
1-0: Ball
2-0: SOLO HOME RUN (Flyball, 78XD, EV 106.2 MPH), Distance : 410 ft
Batting: RHB Jack Power 0-0: Ball
1-0: Ball
2-0: Called Strike
2-1: Ground out 5-3 (Groundball, 56, EV 78.1 MPH)
Top of the 6th over - 1 run, 1 hit, 0 errors, 0 left on base; Jacksonville 12 - Tennessee 0
BOTTOM OF THE 6TH
Tennessee Smokies batting - Pitching for Jacksonville Suns : RHP Jorge Lara
Batting: RHB Dylan Burke 0-0: Swinging Strike
0-1: Ball
1-1: Ball
2-1: Foul Ball, location: 2F
2-2: Ball
3-2: Strikes out swinging
Batting: RHB Alvaro Romero 0-0: Ball
1-0: Foul Ball, location: 2F
1-1: Foul Ball, location: 2F
1-2: Ball
2-2: Ball
3-2: Strikes out swinging
DELAY Rain delay of 81 minutes in the 6th inning.
Pitching: RHP Earl Shepherd
Batting: LHB Nate Greening 0-0: Ball
1-0: Foul Ball, location: 2F
1-1: Ball
2-1: Swinging Strike
2-2: Ball
3-2: Base on Balls
Batting: RHB Du Kim 0-0: Ball
Nate Greening steals 2nd base
1-0: Called Strike
1-1: Ball
2-1: Ball
3-1: Base on Balls
Batting: LHB Daigo Ishii 0-0: Called Strike
0-1: Ball
1-1: Swinging Strike
1-2: Strikes out swinging
Bottom of the 6th over - 0 runs, 0 hits, 0 errors, 2 left on base; Jacksonville 12 - Tennessee 0
TOP OF THE 7TH
Jacksonville Suns batting - Pitching for Tennessee Smokies : LHP Emir Jalil
Pitching: RHP Denis Rachin
Batting: LHB Dong-u Chang 0-0: Called Strike
0-1: Ball
1-1: Foul Ball, location: 2F
1-2: Hit by Pitch
Batting: LHB Orlando Rivera 0-0: Ball
1-0: Called Strike
1-1: Ball
2-1: Foul Ball, location: 2F
2-2: Foul Ball, location: 2F
2-2: Ball
3-2: Base on Balls
Dong-u Chang to second
Batting: LHB Matt McKeon 0-0: Ball
1-0: Ball
2-0: Swinging Strike
2-1: Swinging Strike
2-2: Foul Ball, location: 2F
2-2: Strikes out swinging
Batting: RHB Len Graham 0-0: Called Strike
0-1: Ball
Wild Pitch!
Dong-u Chang to third
Orlando Rivera to second
1-1: Fly out, F9 (Flyball, 89S, EV 97.5 MPH)
Batting: RHB Larry LeFever 0-0: SINGLE (Groundball, 6MD, EV 95.0 MPH)
Dong-u Chang scores
Orlando Rivera to third
Runner from 3rd tries for Home, SAFE, throw by CF to home
Pitching: RHP Roy Battist
Batting: LHB Emilio Cordero Balk!
Larry LeFever to second
0-0: Ball
1-0: Ball
2-0: Foul Ball, location: 2F
2-1: Fly out, F7 (Flyball, 78XD, EV 83.8 MPH)
Top of the 7th over - 2 runs, 1 hit, 0 errors, 1 left on base; Jacksonville 14 - Tennessee 0
BOTTOM OF THE 7TH
Tennessee Smokies batting - Pitching for Jacksonville Suns : RHP Earl Shepherd
Batting: RHB Ricky Ramirez 0-0: Ball
1-0: Swinging Strike
1-1: Swinging Strike
1-2: Ball
2-2: Strikes out swinging
Batting: RHB Juan Bonilla 0-0: Called Strike
0-1: Ball
1-1: SINGLE (Groundball, 56D, EV 100.0 MPH)
Batting: RHB Armando Vilano 0-0: Foul Ball, location: 2F
0-1: Called Strike
0-2: Fly out, F8 (Flyball, 78M, EV 87.5 MPH)
Batting: RHB Taylor Garofalo 0-0: Ball
1-0: Foul Ball, location: 2RF, Error on foul ball, E2
1-1: Foul Ball, location: 2F
1-2: Fly out, F8 (Flyball, 8LD, EV 101.2 MPH)
Bottom of the 7th over - 0 runs, 1 hit, 1 error, 1 left on base; Jacksonville 14 - Tennessee 0
TOP OF THE 8TH
Jacksonville Suns batting - Pitching for Tennessee Smokies : RHP Roy Battist
Batting: RHB Akira Suzuki 0-0: Foul Ball, location: 2F
0-1: Ball
1-1: Ball
2-1: Ball
3-1: Foul Ball, location: 2F
3-2: Base on Balls
Batting: RHB Reomel Somera 0-0: Called Strike
0-1: Ball
1-1: Fielders Choice at 2nd, 4-6 (Groundball, 4M, EV 79.4 MPH)
Batting: RHB Jack Power 0-0: Ball
1-0: Foul Ball, location: 2F
1-1: Foul Ball, location: 2F
1-2: Ball
2-2: Foul Ball, location: 2F
2-2: SINGLE (Groundball, 34D, EV 101.2 MPH)
Reomel Somera to second
Runner from 2nd tries for 3rd, SAFE, throw by RF made to third
Batting: LHB Dong-u Chang 0-0: SINGLE (Groundball, 6MD, EV 101.2 MPH)
Reomel Somera scores
Jack Power to second
Batting: LHB Orlando Rivera 0-0: Called Strike
0-1: Ball
1-1: Ball
2-1: Ball
3-1: Base on Balls
Jack Power to third
Dong-u Chang to second
Batting: LHB Matt McKeon 0-0: Foul Ball, location: 2F
0-1: Foul Ball, location: 2F
0-2: Ball
1-2: Ball
2-2: Grounds into double play, 4-6-3 (Groundball, 4, EV 83.8 MPH)
Top of the 8th over - 1 run, 2 hits, 0 errors, 2 left on base; Jacksonville 15 - Tennessee 0
BOTTOM OF THE 8TH
Tennessee Smokies batting - Pitching for Jacksonville Suns : RHP Earl Shepherd
Batting: RHB Dylan Burke 0-0: Swinging Strike
0-1: Ball
1-1: Swinging Strike
1-2: Strikes out swinging
Batting: RHB Alvaro Romero 0-0: Called Strike
0-1: Swinging Strike
0-2: Strikes out looking
Batting: LHB Nate Greening 0-0: Ball
1-0: Foul Ball, location: 2F
1-1: Ball
2-1: Ball
3-1: Base on Balls
Batting: RHB Du Kim 0-0: Ball
1-0: Fly out, F9 (Flyball, 9, EV 86.9 MPH)
Bottom of the 8th over - 0 runs, 0 hits, 0 errors, 1 left on base; Jacksonville 15 - Tennessee 0
TOP OF THE 9TH
Jacksonville Suns batting - Pitching for Tennessee Smokies : RHP Roy Battist
Batting: RHB Len Graham 0-0: Ball
1-0: SINGLE (Groundball, 6MD, EV 108.8 MPH)
Batting: RHB Larry LeFever 0-0: Foul Ball, location: 2F
0-1: Called Strike
0-2: Grounds into double play, 3-6-3 (Groundball, 3S, EV 85.6 MPH)
Batting: LHB Emilio Cordero 0-0: Ball
1-0: Ball
2-0: Called Strike
2-1: Ground out 4-3 (Groundball, 4, EV 80.6 MPH)
Top of the 9th over - 0 runs, 1 hit, 0 errors, 0 left on base; Jacksonville 15 - Tennessee 0
BOTTOM OF THE 9TH
Tennessee Smokies batting - Pitching for Jacksonville Suns : RHP Earl Shepherd
Pitching: RHP Joe Lynn
Batting: LHB Daigo Ishii 0-0: Foul Ball, location: 2F
0-1: Ball
1-1: Foul Ball, location: 2F
1-2: Ball
2-2: Ball
3-2: Strikes out swinging
Batting: RHB Ricky Ramirez 0-0: Called Strike
0-1: Ball
1-1: Called Strike
1-2: Foul Ball, location: 2F
1-2: Ball
2-2: Ground out 6-3 (Groundball, 6, EV 87.5 MPH)
Batting: RHB Juan Bonilla 0-0: Called Strike
0-1: Foul Ball, location: 2F
0-2: Ball
1-2: Foul Ball, location: 2F
1-2: Strikes out looking
Bottom of the 9th over - 0 runs, 0 hits, 0 errors, 0 left on base; Jacksonville 15 - Tennessee 0
Sunday, July 16th , 2023 - OOTP Baseball 24.6 Build 69